 Dungeon Crawl Stone Soup version 0.17-a0-1778-gd369669 (webtiles) character file.

53 abixa the Ruffian (level 3, 32/33 HPs)
             Began as a Ghoul Monk on Sept 8, 2015.
             Quit the game on level 2 of the Dungeon.
             The game lasted 00:02:43 (794 turns).

abixa the Ruffian (Ghoul Monk)                       Turns: 794, Time: 00:02:43

Health: 32/33      AC:  6    Str: 14    XL:     3   Next: 87%
Magic:  2/2        EV: 11    Int:  5    God:
Gold:   44         SH:  0    Dex: 12    Spells: 0 memorised, 2 levels left

rFire  . . .     SeeInvis .       - Unarmed
rCold  + . .     Clarity  .     f - +0 ring mail
rNeg   + + +     SustAt   .     (no shield)
rPois  ∞         Gourm    .     k - +0 helmet (curse)
rElec  .         Spirit   .     (no cloak)
rCorr  +         Warding  .     (no gloves)
rMut   .         Stasis   .     (no boots)
MR     .....                    m - amulet of resist corrosion
Stlth  +.........               (no ring)
                                (no ring)

@: rotting, not resistant to hostile enchantments, very unstealthy
A: rotting body, claws 1, carnivore 3, cold resistance 1, negative energy
resistance 3, slow healing 1, torment resistance, unbreathing
a: no special abilities


You were on level 2 of the Dungeon.
You were not hungry.

You visited 1 branch of the dungeon, and saw 2 of its levels.

You collected 44 gold pieces.

Inventory:

Missiles
 e - 4 poisoned javelins (quivered)
Armour
 a - a +0 robe
 f - a +0 ring mail (worn)
 k - a cursed +0 helmet (worn)
Jewellery
 m - an amulet of resist corrosion (around neck)
Scrolls
 c - 3 scrolls of identify {unknown}
 d - a scroll of fear {unknown}
 g - 2 scrolls of teleportation {unknown}
 h - a scroll of remove curse {unknown}
 i - a scroll of recharging {unknown}
Potions
 l - a potion of haste {unknown}
 n - a potion of might {unknown}
Comestibles
 b - 3 meat rations
 j - a chunk of flesh


   Skills:
 + Level 3.8 Fighting
 + Level 3.0 Dodging
 + Level 3.0 Stealth
 + Level 4.9 Unarmed Combat


You had 2 spell levels left.
You didn't know any spells.

Dungeon Overview and Level Annotations

Branches:
Dungeon (2/15)

Altars:


Innate Abilities, Weirdness & Mutations

Your body is rotting away.
You thrive on raw meat.
You are immune to poison.
You have sharp fingernails.
You are carnivorous and can eat meat at any time.
Your flesh is cold resistant.
You are immune to negative energy.
You heal slowly when monsters are visible.
You are immune to unholy pain and torment.
You can survive without breathing.


Message History

You kill the giant cockroach!
The giant newt bites you but does no damage.
You scratch the giant newt but do no damage.
You barely miss the giant newt. The giant newt bites you.
You claw the giant newt!
You kill the giant newt!
No target in view!
No target in view!
You see here a giant cockroach corpse.
You butcher the giant cockroach corpse.
j - 2 chunks of flesh (gained 1) Eating one of 2 chunks of flesh.
This raw flesh tastes great!
You continue eating. x2
A hobgoblin comes into view. It is wielding a club.
You see here 2 gold pieces.
You now have 44 gold pieces (gained 2).
You scratch the hobgoblin.
You kill the hobgoblin!
Your Stealth skill increases to level 3!
Are you sure you want to abandon this character and quit the game? (Confirm with "yes".)

....... #......
....#........ #..#(...
#............ ........
.........................
#...........#......#....
....... ........##....
....... #.....(###...
.....#)### ##...... #....
.......@.###..##..###....
#..###.....#.####........
##.........#...###...
#..............####..
##..........>...# ###
###......#######
#.........# ............#
##..........#


There were no monsters in sight!

Vanquished Creatures
  An adder (D:2)
  An ooze (D:2)
  A worm (D:2)
  A giant gecko (D:2)
  A ball python (D:1)
  2 giant cockroaches
  2 goblins (D:1)
  6 hobgoblins
  6 jackals (D:1)
  3 bats (D:1)
  5 giant newts
  2 kobolds
  3 rats (D:1)
34 creatures vanquished.

Notes
Turn   | Place    | Note
--------------------------------------------------------------
     0 | D:1      | abixa the Ghoul Monk began the quest for the Orb.
     0 | D:1      | Reached XP level 1. HP: 19/19 MP: 0/0
    92 | D:1      | Reached XP level 2. HP: 19/26 MP: 1/1
   394 | D:1      | Reached XP level 3. HP: 27/31 MP: 2/2
   794 | D:2      | Quit the game

Vault maps used:
D:1:      dpeg_arrival_tiny_a
D:2:      makhleb_blood_cavern_becter, lemuel_round_altar

Action                   || total
-------------------------++-------
Melee: Unarmed           ||    98
 Stab: Sleeping          ||     4
  Eat: Chunk             ||     3
